 Dungeon Crawl Stone Soup version 0.24.0-13-gcf9b319 (webtiles) character file.

Game seed: 1566435794091834026, levelgen mode: deterministic

135 Bronimir the Stinger (level 5, -8/30 HPs)
             Began as a Tengu Venom Mage on Mar 3, 2020.
             Killed by divine providence
             ... invoked by an orc priest
              (16 damage)
             ... on level 3 of the Dungeon.
             The game lasted 00:05:44 (2632 turns).

Bronimir the Stinger (Tengu Venom Mage)             Turns: 2632, Time: 00:05:45

Health: -8/30      AC:  3    Str:  9    XL:     5   Next: 18%
Magic:  3/9        EV: 14    Int: 15    God:
Gold:   95         SH:  0    Dex: 15    Spells: 2/8 levels left

rFire    . . .     SeeInvis .   a - +0 hand axe
rCold    . . .     Gourm    .   (no shield)
rNeg     . . .     Faith    +   q - +0 leather armour
rPois    .         Spirit   .   (helmet restricted)
rElec    .         Reflect  .   (no cloak)
rCorr    .         Harm     .   (no gloves)
MR       .....                  (boots unavailable)
Stlth    ++........             j - amulet of faith
HPRegen  0.10/turn              (no ring)
MPRegen  0.11/turn              (no ring)

@: flying quickly and evasively, quick
A: beak, talons 3, able to fly
a: Stop Flying


You were on level 3 of the Dungeon.
You were hungry.

You visited 1 branch of the dungeon, and saw 3 of its levels.

You collected 95 gold pieces.

Inventory:

Hand Weapons
 a - a +0 hand axe (weapon)
 d - a +0 whip
Missiles
 b - 135 stones
 p - 29 sling bullets
 s - 16 poisoned darts (quivered)
Armour
 q - a +0 leather armour (worn)
 r - a +0 ring mail
 t - a +0 robe
Jewellery
 j - an amulet of faith (around neck)
Scrolls
 f - 2 scrolls of fog {unknown}
 g - 4 scrolls of identify {unknown}
 h - a scroll of remove curse {unknown}
 i - 2 scrolls of noise {unknown}
 l - 3 scrolls of amnesia {unknown}
 m - 2 scrolls of fear {unknown}
 n - a scroll of teleportation {unknown}
 o - 2 scrolls of enchant weapon {unknown}
Potions
 e - 2 potions of degeneration {unknown}
 k - a potion of flight {unknown}
 u - 2 potions of cancellation {unknown}
 w - 2 potions of curing {unknown}
 x - a potion of agility {unknown}
Comestibles
 c - 3 rations


   Skills:
 * Level 1.8 Fighting
 + Level 0.3(0.4) Axes
 + Level 0.3(0.4) Maces & Flails
 * Level 1.1 Armour
 + Level 2.3 Dodging
 - Level 2.0 Stealth
 + Level 2.4 Spellcasting
 * Level 2.9 Conjurations
 * Level 1.0 Air Magic
 + Level 4.0 Poison Magic


You had 2 spell levels left.
You knew the following spells:

 Your Spells              Type           Power        Failure   Level  Hunger
a - Sting                 Conj/Pois      ##..         7%          1    #......
b - Poisonous Vapours     Pois/Air       #.....       16%         2    ###....
c - Mephitic Cloud        Conj/Pois/Air  #.......     28%         3    ###....

Your spell library contained the following spells:

 Spells                   Type           Power        Failure   Level  Hunger
 Olgreb's Toxic Radiance  Pois           ##......     50%         4    #####..
 Venom Bolt               Conj/Pois      ##........   88%         5    ######.


Dungeon Overview and Level Annotations

Branches:
Dungeon (3/15)

Altars:


Innate Abilities, Weirdness & Mutations

You have a beak for a mouth.
You have claws for feet.
You can fly continuously.


Message History

You hit the orc priest.
The orc priest is moderately wounded.
The orc priest looks more healthy.
The orc priest closely misses you.
You hit the orc. Your kick misses the orc. Your peck misses the orc.
The orc is severely wounded.
The orc priest looks more healthy.
The orc priest mumbles some strange prayers to Beogh against you.
Beogh smites you!
* * * LOW HITPOINT WARNING * * *
The orc barely misses you.
Casting: Sting (safe; 7% risk of failure)
Confirm with . or Enter, or press ? or * to list all spells.
Aiming: Poisonous Vapours (safe; 16% risk of failure)
Press: ? - help, Dir - move target cursor, f/p - orc priest
Aim: an orc priest, wielding a +0 whip (severely wounded) Poisonous vapours surround the orc priest!
The orc priest invokes the aid of Beogh against you.
Beogh smites you!
Ouch! That really hurt!
You die...

# ############### #
#.............#
###.###########.#
##.....[.# #[#
##.......#
#.#######.#
.........#
#.........#
##...<...#
#####.#####
##.......##########.#
##.......#..oooo@...#
...#######.##########
##.# ##.# .#.# .#.#
.#.# ##.# #.#


You could see 2 orc priests and 2 orcs.

Vanquished Creatures
  Natasha (thrice) (D:2)
  An ooze (D:1)
  2 leopard geckos
  5 bats
  4 giant cockroaches
  4 goblins
  8 hobgoblins
  8 jackals
  3 frilled lizards
  10 kobolds
  2 rats
50 creatures vanquished.

Notes
Turn   | Place    | Note
-------+----------+-------------------------------------------
     0 | D:1      | Bronimir the Tengu Venom Mage began the quest for the Orb.
     0 | D:1      | Reached XP level 1. HP: 10/10 MP: 4/4
   287 | D:1      | Reached XP level 2. HP: 15/15 MP: 6/6
   560 | D:1      | Reached XP level 3. HP: 18/20 MP: 7/7
   627 | D:1      | Learned a level 2 spell: Poisonous Vapours
   631 | D:1      | Learned a level 3 spell: Mephitic Cloud
  1105 | D:2      | Noticed Natasha
  1114 | D:2      | HP: 1/20 [iron imp[Natasha] (2)]
  1116 | D:2      | Killed Natasha
  1116 | D:2      | Reached XP level 4. HP: 2/24 MP: 2/8
  1169 | D:2      | Noticed Natasha
  1388 | D:2      | Killed Natasha
  1390 | D:2      | Reached skill level 1 in Fighting
  1664 | D:2      | Noticed Natasha
  1672 | D:2      | Killed Natasha
  1998 | D:2      | Gained mutation: You can fly continuously. [Tengu growth]
  1998 | D:2      | Reached XP level 5. HP: 29/30 MP: 4/9
  2075 | D:2      | Reached skill level 1 in Air Magic
  2264 | D:3      | Reached skill level 1 in Armour
  2271 | D:3      | Reached skill level 4 in Poison Magic
  2632 | D:3      | Killed from afar by an orc priest

Levels and vault maps discovered:
D:1:      minmay_arrival_five_plusses, layout_basic
D:2:      layout_loops_ring, uniq_natasha
D:3:      layout_basic, minmay_checkerbox

Skill      XL: |  1  2  3  4  5 |
---------------+----------------+-----
Conjurations   | 2 |  2.9
Fighting       | 1 |  1.8
Air Magic      | 1 |  1.0
Armour         | 1 |  1.1
Poison Magic   | 4 |  4.0
Axes           | |  0.3
Maces & Flails | |  0.3
Dodging        | |  2.3
Stealth        | |  2.0
Spellcasting   | |  2.4

Action                   |  1- 3 |  4- 6 || total
-------------------------+-------+-------++-------
Melee: Unarmed           |     8 |       ||     8
       Whip              |    46 |       ||    46
       Kick              |    15 |    12 ||    27
       Peck              |     9 |     8 ||    17
       Hand axe          |     9 |    60 ||    69
 Cast: Sting             |     4 |     6 ||    10
       Poisonous Vapours |     4 |    11 ||    15
 Abil: Fly               |       |     1 ||     1
 Stab: Sleeping          |     5 |       ||     5
  Eat: Chunk             |       |     6 ||     6
Armor: Robe              |    15 |       ||    15
       Leather armour    |       |    31 ||    31
Dodge: Dodged            |    34 |    55 ||    89
